 Dungeon Crawl Stone Soup version 0.31-a0-167-g1c394c0614 (webtiles) character file.

Game seed: 12931563413232661651

2048 qw the Skirmisher (level 9, -7/57 HPs)
             Began as a Gargoyle Hunter on June 14, 2023.
             Mangled by an orc warrior
             ... wielding a +0 hand axe of distortion
              (17 damage)
             ... on level 6 of the Dungeon.
             The game lasted 00:02:25 (5101 turns).

qw the Skirmisher (Gargoyle Hunter)                 Turns: 5101, Time: 00:02:26

Health: -7/57      AC: 16    Str: 21    XL:     9   Next: 25%
Magic:  0/9        EV: 12    Int: 10    God:
Gold:   366        SH:  0    Dex: 17    Spells: 8/8 levels left

rFire   . . .        Y - +1 shortbow
rCold   . . .        (shield currently unavailable)
rNeg    + . .        e - +0 ring mail
rPois   inf          (no helmet)
rElec   +            (no cloak)
rCorr   .            (no gloves)
SInv    .            (no boots)
Will    .....        a - amulet of guardian spirit
Stlth   +            k - +6 ring of strength
HPRegen 0.29/turn    m - +4 ring of protection
MPRegen 0.11/turn

%: guardian spirit
@: about to teleport
A: sickness immunity, AC +6, negative energy resistance 1, electricity
resistance, torment resistance 1, petrification resistance
a: no special abilities


You were on level 6 of the Dungeon.
You visited 1 branch of the dungeon, and saw 6 of its levels.

You collected 366 gold pieces.


Innate Abilities, Weirdness & Mutations

You are immune to sickness and miasma.
Your stone body is resilient. (AC +6)
You are immune to poison.
You resist negative energy. (rN+)
You are resistant to electric shocks. (rElec)
You are resistant to unholy torment.
You are immune to petrification.


   Skills:
 - Level 7.0 Fighting
 + Level 10.1 Ranged Weapons
 - Level 3.0 Armour
 - Level 3.0 Dodging
 - Level 1.1 Stealth


You had 8 spell levels left.
You didn't know any spells.
Your spell library was empty.

Inventory:

Hand Weapons
 Y - a +1 shortbow (weapon)
Armour
 e - a +0 ring mail (worn)
Jewellery
 a - an amulet of guardian spirit (around neck)
 k - a +6 ring of strength (left hand)
 m - a +4 ring of protection (right hand)
Scrolls
 j - 6 scrolls of identify
Potions
 c - a potion of cancellation
 d - a potion of curing
 f - 2 potions of haste
 i - a potion of berserk rage {unknown}
 l - a potion of mutation {unknown}
 o - a potion of brilliance {unknown}

Dungeon Overview and Level Annotations

Branches:
Dungeon (6/15)
 Temple: D:4-7

Altars:
Ashenzari
Cheibriados
Elyvilon
Hepliaklqana
Makhleb
Ru
Sif Muna
Vehumet


Message History

The arrow hits the orc warrior but does no damage.
The orc warrior is heavily wounded.
You start resting.
An orc warrior is nearby!
You shoot an arrow.
The arrow barely misses the orc warrior.
You start resting.
An orc wizard is nearby!
You shoot an arrow. The arrow barely misses the orc wizard.
You shoot an arrow.
The arrow hits the orc warrior but does no damage.
The orc warrior is heavily wounded.
The orc warrior throws a boomerang.
The boomerang misses you.
You shoot an arrow. The arrow hits the orc warrior.
The orc warrior is heavily wounded.
You shoot an arrow. The arrow hits the orc warrior!
The orc warrior is almost dead.
The orc wizard gestures wildly while chanting.
The orc wizard flickers and vanishes!
Deactivating autopickup; reactivate with Ctrl-A.
The orc warrior hits you with a +0 hand axe of distortion.
Space warps around you.
You shoot an arrow.
The arrow hits the orc warrior but does no damage.
The orc warrior is severely wounded.
The orc warrior closely misses you.
You shoot an arrow.
The arrow hits the orc warrior but does no damage.
The orc warrior is severely wounded.
The orc warrior closely misses you.
You shoot an arrow. The arrow hits the orc warrior.
The orc warrior is almost dead.
The orc warrior hits you with a +0 hand axe of distortion.
Space warps horribly around you!
5101 ||| READING scroll of teleportation.
As you read the scroll of teleportation, it crumbles to dust.
You feel strangely unstable.
The orc warrior hits you but does no damage.
Space warps horribly around you!!
You die...

#####(..###.#####)#######.#
#.#?)<#.# #.# #.# #.#...).#
#.# #.# #.#.....## #.# #.#
#.#####..## #.# #.# .
..:.......###.# #.# #
#.............# #.#
##########.#### #)# #{o@#
#.# ###..# #.# ##.# #.# ...
#.# ###. #.# #.# #.# #.#
#.#


You could see an orc warrior.

Vanquished Creatures
  Grinder (D:6)
  2 sky beasts (D:6)
  A black bear (D:5)
  A centaur (D:6)
  2 ogres
  2 phantoms (D:5)
  A kobold brigand (D:6)
  3 scorpions
  A gnoll sergeant (D:5)
  5 killer bees (D:6)
  A howler monkey (D:5)
  3 hounds
  A jelly (D:5)
  An orc priest (D:4)
  2 sleepcaps
  4 iguanas
  2 orc wizards (D:6)
  15 gnolls
  5 adders
  A shadow imp (D:6)
  An ufetubus (D:6)
  A worm (D:5)
  A dart slug (D:1)
  10 orcs
  5 ball pythons
  5 bats
  9 endoplasms
  4 giant cockroaches
  9 goblins
  4 hobgoblins
  4 quokkas
  2 frilled lizards (D:2)
  10 kobolds
  8 rats
127 creatures vanquished.

Notes
Turn   | Place    | Note
-------+----------+-------------------------------------------
     0 | D:1      | qw the Gargoyle Hunter began the quest for the Orb.
     0 | D:1      | Reached XP level 1. HP: 12/12 MP: 1/1
     0 | D:1      | 0 ||| qw: Version: 0.2-a-29-g1fa15c8
     0 | D:1      | 0 ||| qw: Game counter: 4974
     0 | D:1      | 0 ||| qw: Always use a shield: true
     0 | D:1      | 0 ||| qw: God list: Okawaru
     0 | D:1      | 0 ||| qw: Allow faded altars: false
     0 | D:1      | 0 ||| qw: Do Orc after D:15 true
     0 | D:1      | 0 ||| qw: Do second Lair branch before Depths: true
     0 | D:1      | 0 ||| qw: Lair rune preference: random
     0 | D:1      | 0 ||| qw: Plans: Normal, Zot:1-4, Slime:5, God:TSO, Crypt,
                  | Tomb, Abyss, Pan, Hells, Win
     0 | D:1      | 0 ||| PLANNING D:1-11
   150 | D:1      | Reached XP level 2. HP: 17/17 MP: 2/2
   343 | D:1      | 343 ||| UPGRADING to +0 ring mail.
   353 | D:1      | 353 ||| DROPPING +0 leather armour.
   354 | D:1      | 354 ||| READING scroll labelled MUNWAN BUURIONECH.
   358 | D:1      | 358 ||| DROPPING scroll of butterflies.
   520 | D:2      | Reached skill level 1 in Armour
   552 | D:2      | HP: 3/17 [iguana (5)]
   556 | D:2      | Reached skill level 5 in Ranged Weapons
   556 | D:2      | Reached XP level 3. HP: 5/21 MP: 3/3
   762 | D:2      | Reached XP level 4. HP: 19/27 MP: 4/4
   766 | D:2      | Reached skill level 3 in Fighting
  1130 | D:2      | 1130 ||| DROPPING ring of magical power.
  1131 | D:2      | 1131 ||| READING scroll labelled REIVATR SISOWI.
  1132 | D:2      | 1132 ||| READING scroll labelled UMUBOE ESAGU.
  1133 | D:2      | 1133 ||| DRINKING 2 amethyst potions.
  1380 | D:3      | Found a radiant altar of Vehumet.
  1383 | D:3      | Found a sacrificial altar of Ru.
  1383 | D:3      | Found a hazy altar of Hepliaklqana.
  1386 | D:3      | Found a snail-covered altar of Cheibriados.
  1386 | D:3      | Found a white marble altar of Elyvilon.
  1592 | D:3      | Noticed an ogre
  1601 | D:3      | HP: 6/28 [ogre/+0 giant club (22)]
  1602 | D:3      | Killed an ogre
  1603 | D:3      | Reached skill level 6 in Ranged Weapons
  1603 | D:3      | Reached XP level 5. HP: 8/32 MP: 5/5
  1928 | D:3      | 1928 ||| UPGRADING to +6 ring of strength.
  1929 | D:3      | 1929 ||| READING scroll labelled FYNIAGRICEDGH.
  1930 | D:3      | 1930 ||| READING scroll labelled ZOYR LUOPPOERE.
  1931 | D:3      | 1931 ||| READING scroll labelled DYMYQU URAAMM.
  1932 | D:3      | 1932 ||| READING scroll labelled RESHRENEERGH.
  1955 | D:3      | 1955 ||| READING scroll labelled WUSAK MIUTOTU.
  2077 | D:4      | 2077 ||| FLEEEEING.
  2078 | D:4      | 2078 ||| FLEEEEING.
  2079 | D:4      | 2079 ||| FLEEEEING.
  2080 | D:4      | 2080 ||| FLEEEEING.
  2081 | D:4      | 2081 ||| FLEEEEING.
  2082 | D:4      | 2082 ||| FLEEEEING.
  2083 | D:4      | 2083 ||| FLEEEEING.
  2084 | D:4      | 2084 ||| FLEEEEING.
  2092 | D:4      | Reached XP level 6. HP: 35/37 MP: 6/6
  2127 | D:4      | Found a shimmering blue altar of Sif Muna.
  2260 | D:4      | 2260 ||| Stepping ~*~*~tactically~*~*~ (outnumbered).
  2389 | D:4      | 2389 ||| Stepping ~*~*~tactically~*~*~ (outnumbered).
  2391 | D:4      | 2391 ||| Stepping ~*~*~tactically~*~*~ (outnumbered).
  2881 | D:4      | Reached skill level 7 in Ranged Weapons
  2979 | D:4      | 2979 ||| UPGRADING to amulet of guardian spirit.
  2984 | D:4      | 2984 ||| UPGRADING to +4 ring of protection.
  2985 | D:4      | 2985 ||| READING scroll labelled PUDUFI WIPSOWN.
  2986 | D:4      | 2986 ||| DRINKING 3 viscous amethyst potions.
  2987 | D:4      | 2987 ||| DRINKING 2 murky black potions.
  2988 | D:4      | 2988 ||| DRINKING 2 sapphire potions.
  2989 | D:4      | 2989 ||| READING 3 scrolls of identify.
  2989 | D:4      | 2989 ||| IDENTIFYING fuming coppery potion
  2990 | D:4      | 2990 ||| READING 2 scrolls of identify.
  2990 | D:4      | 2990 ||| IDENTIFYING metallic blue potion
  2991 | D:4      | 2991 ||| DROPPING potion of invisibility.
  2992 | D:4      | 2992 ||| DROPPING potion of degeneration.
  3014 | D:5      | Entered Level 5 of the Dungeon
  3080 | D:5      | Reached XP level 7. HP: 43/43 MP: 7/7
  3219 | D:5      | Reached skill level 8 in Ranged Weapons
  3395 | D:5      | 3395 ||| Stepping ~*~*~tactically~*~*~ (outnumbered).
  3536 | D:5      | Reached XP level 8. HP: 49/49 MP: 8/8
  3783 | D:5      | Found a broken altar of Ashenzari.
  3787 | D:5      | Saw a vision of the Shoals and the Spider Nest.
  3787 | D:5      | Noticed a wind drake
  3787 | D:5      | Noticed a harpy
  3787 | D:5      | Noticed a snapping turtle
  3787 | D:5      | Noticed a water elemental
  3787 | D:5      | Noticed a skyshark
  3787 | D:5      | Noticed a demonic crawler
  3787 | D:5      | Noticed an entropy weaver
  3787 | D:5      | Noticed a moth of wrath
  3787 | D:5      | Noticed a culicivora
  3787 | D:5      | Noticed an entropy weaver
  3787 | D:5      | Noticed a culicivora
  3787 | D:5      | Noticed a radroach
  3787 | D:5      | Noticed a jumping spider
  3976 | D:5      | 3976 ||| DROPPING amulet of magic regeneration.
  3977 | D:5      | 3977 ||| READING scroll labelled SANEHYSEAJO.
  4125 | D:6      | HP: 10/49 [killer bee (4)]
  4126 | D:6      | 4126 ||| READING 2 scrolls of teleportation.
  4127 | D:6      | 4127 ||| DRINKING 2 potions of heal wounds.
  4165 | D:6      | Reached skill level 9 in Ranged Weapons
  4351 | D:6      | Noticed Grinder
  4353 | D:6      | Paralysed by Grinder for 5 turns
  4359 | D:6      | 4359 ||| DRINKING potion of cancellation.
  4363 | D:6      | 4363 ||| Stepping ~*~*~tactically~*~*~ (outnumbered).
  4381 | D:6      | 4381 ||| DRINKING 2 potions of curing.
  4381 | D:6      | 4381 ||| (to cure confusion)
  4388 | D:6      | Killed Grinder
  4389 | D:6      | Reached skill level 6 in Fighting
  4436 | D:6      | Found a burning altar of Makhleb.
  4478 | D:6      | Reached skill level 3 in Armour
  4620 | D:6      | 4620 ||| Stepping ~*~*~tactically~*~*~ (outnumbered).
  4629 | D:6      | Reached XP level 9. HP: 56/56 MP: 9/9
  4711 | D:6      | Reached skill level 10 in Ranged Weapons
  4787 | D:6      | 4787 ||| FLEEEEING.
  4802 | D:6      | Reached skill level 3 in Dodging
  5022 | D:6      | 5022 ||| Stepping ~*~*~tactically~*~*~ (outnumbered).
  5035 | D:6      | HP: 9/57 [orc warrior/+0 hand axe of distortion (9)]
  5036 | D:6      | 5036 ||| READING 2 scrolls of teleportation.
  5037 | D:6      | 5037 ||| DRINKING potion of heal wounds.
  5100 | D:6      | HP: 10/57 [orc warrior/+0 hand axe of distortion (7)]
  5101 | D:6      | 5101 ||| READING scroll of teleportation.
  5101 | D:6      | Mangled by an orc warrior

Levels and vault maps discovered:
D:1:      dpeg_arrival_erosion, layout_basic, chequers_mini_garden
D:2:      layout_loops_ring
D:3:      layout_loops_ring, grunt_temple_overflow_open
D:4:      layout_loops_ring, mainiacjoe_overflow_cross_hatched
D:5:      layout_loops_ring, grunt_ashenzari_visionary
          [grunt_ashenzari_visionary_shoals, grunt_ashenzari_visionary_spider],
          minmay_checkerbox
D:6:      layout_basic, kennysheep_little_box, uniq_grinder

Skill      XL: |  1  2  3  4  5  6  7  8  9 |
---------------+----------------------------+-----
Armour         | 1 3 |  3.0
Ranged Weapons | 5 6 7 8 9 10 | 10.1
Fighting       | 3 4 5 6 7 |  7.0
Dodging        | 2 3 |  3.0
Stealth        | |  1.1

Action                     |  1- 3 |  4- 6 |  7- 9 || total
---------------------------+-------+-------+-------++-------
   Fire: Shortbow          |    82 |   208 |   370 ||   660
    Use: Scroll            |     1 |    10 |     4 ||    15
         Potion            |       |     4 |     4 ||     8
 Armour: Leather armour    |     6 |       |       ||     6
         Ring mail         |    19 |    33 |   167 ||   219
  Dodge: Dodged            |    29 |    57 |   200 ||   286

Table legend:
 A = Non-vault XP
 B = Vault XP
 C = Vault XP percentage of total XP
 D = Non-vault monster count
 E = Vault monster count
 F = Vault count percentage of total count
                 A         B        C        D         E       F
            +---------+---------+-------+---------+---------+-------
      Total |    2397 |     530 |  18.1 |     122 |       5 |   3.9
            +---------+---------+-------+---------+---------+-------
        D:1 |      23 |       0 |   0.0 |      12 |       0 |   0.0
        D:2 |     105 |       0 |   0.0 |      22 |       0 |   0.0
        D:3 |     145 |       0 |   0.0 |      18 |       0 |   0.0
        D:4 |     245 |       0 |   0.0 |      27 |       0 |   0.0
        D:5 |     595 |     258 |  30.2 |      14 |       4 |  22.2
        D:6 |    1284 |     272 |  17.5 |      29 |       1 |   3.3
            +---------+---------+-------+---------+---------+-------
